 Dungeon Crawl Stone Soup version 0.30-a0-6-g7c9e10e132 (webtiles) character file.

Game seed: 7193731118593138251

205 drugrobin the Cutter (level 5, 0/42 HPs)
             Began as a Demigod Delver on Aug 23, 2022.
             Slain by Grinder (2 damage)
             ... in a sewer.
             The game lasted 00:07:10 (2280 turns).

drugrobin the Cutter (Demigod Delver)               Turns: 2280, Time: 00:07:11

Health: 0/42       AC:  3    Str: 10 (13) XL:     5   Next: 27%
Magic:  7/7        EV: 12    Int:  9 (12) God:
Gold:   26         SH:  0    Dex: 17 (19) Spells: 4/4 levels left

rFire   . . .      SeeInvis .    a - +0 short sword
rCold   . . .      Faith    .    (no shield)
rNeg    . . .      Spirit   .    b - +0 leather armour
rPois   .          Reflect  .    (no helmet)
rElec   .          Harm     .    (no cloak)
rCorr   .          Rampage  .    (no gloves)
Will    .....                    (no boots)
Stlth   +++.......               (no amulet)
HPRegen 0.14/turn                (no ring)
MPRegen 0.10/turn                (no ring)

@: brilliant, hasted, very quick
A: high MP 1, forlorn, divine attributes
a: no special abilities


You were in a sewer.
You visited 1 branch of the dungeon, and saw 1 of its levels.
You also visited: Sewer.

You collected 26 gold pieces.

Inventory:

Hand Weapons
 a - a +0 short sword (weapon)
Armour
 b - a +0 leather armour (worn)
Wands
 g - a wand of digging (2)
Scrolls
 c - a scroll of fog
 d - a scroll of poison {unknown}
 e - 2 scrolls of fear
 i - 3 scrolls of summoning {unknown}
 j - a scroll of teleportation {unknown}


   Skills:
 - Level 2.7 Fighting
 + Level 5.3 Short Blades
 - Level 1.8 Dodging
 - Level 4.5 Stealth


You had 4 spell levels left.
You didn't know any spells.
Your spell library was empty.

Dungeon Overview and Level Annotations

Branches:
Dungeon (5/15)             Temple (0/1) D:5           Sewer (1/1)

Shops:
D:5 (

Annotations:
Sewer Grinder


Innate Abilities, Weirdness & Mutations

You have an increased reservoir of magic. (+10% MP)
You shall have no god before yourself.
Your divine heritage dramatically boosts your attributes as you level up.


Message History

You hit Grinder.
Grinder is heavily wounded.
Grinder hits you!
You writhe in agony.
* * * LOW HITPOINT WARNING * * *
Unknown command.
You hit Grinder.
Grinder is severely wounded.
Unknown command.
Unknown command.
You hit Grinder but do no damage.
Grinder is severely wounded.
Grinder hits you.
* * * LOW HITPOINT WARNING * * *
Unknown command.
Unknown command.
Unknown command.
You hit Grinder but do no damage.
Grinder is severely wounded.
Unknown command.
Unknown command.
You barely miss Grinder.
Grinder is severely wounded.
Grinder hits you.
* * * LOW HITPOINT WARNING * * *
You writhe in agony.
* * * LOW HITPOINT WARNING * * *
Unknown command.
Unknown command.
Unknown command.
Unknown command.
You hit Grinder but do no damage. You punch Grinder, but do no damage.
Grinder is severely wounded.
Unknown command.
Unknown command.
Unknown command.
Unknown command.
You hit Grinder.
Grinder is severely wounded.
Grinder hits you.
You die...

#)#######≈#######'#
#......#...#....)†#
#~~~~.≈.....~≈≈~≈≈~
#≈≈≈≈~≈#)..#≈~≈≈≈≈#
#########'#########
##########..)########
##~≈≈≈≈≈#...§...#≈~≈≈≈
###(......'.......+.....
#∩)((((@5.'.§._.§.+.....
###.......'.......+.....
##≈≈≈≈≈≈#..§.§..#≈≈≈≈≈
#########.....#######
##'''## #≈...≈# #≈..K≈#
...~# ...≈#


You could see Grinder.

Vanquished Creatures
  2 kobold brigands (Sewer)
  2 shadow imps (Sewer)
  6 ufetubi (Sewer)
  An adder zombie (Sewer)
  A bat zombie (Sewer)
  A giant cockroach (Sewer)
  3 bats (Sewer)
  11 kobolds (Sewer)
  A kobold zombie (Sewer)
28 creatures vanquished.

Vanquished Creatures (others)
  2 kobold zombies (Sewer)
2 creatures vanquished.

Grand Total: 30 creatures vanquished

Notes
Turn   | Place    | Note
-------+----------+-------------------------------------------
     0 | D:5      | drugrobin the Demigod Delver began the quest for the Orb.
     0 | D:5      | Reached XP level 1. HP: 18/18 MP: 3/3
     6 | D:5      | Noticed a water moccasin
    30 | D:5      | Found Zaoch's Antique Weapon Emporium.
    85 | D:5      | Found a glowing drain.
    94 | Sewer    | Entered a sewer
   149 | Sewer    | Reached skill level 2 in Short Blades
   365 | Sewer    | Reached XP level 2. HP: 25/25 MP: 4/4
   905 | Sewer    | Reached skill level 3 in Short Blades
  1144 | Sewer    | Reached XP level 3. HP: 9/30 MP: 5/5
  1459 | Sewer    | Noticed a kobold brigand
  2029 | Sewer    | Killed a kobold brigand
  2030 | Sewer    | Reached skill level 4 in Short Blades
  2030 | Sewer    | Reached XP level 4. HP: 28/37 MP: 6/6
  2119 | Sewer    | Noticed a kobold brigand
  2158 | Sewer    | Killed a kobold brigand
  2159 | Sewer    | Reached skill level 5 in Short Blades
  2159 | Sewer    | Reached XP level 5. HP: 38/42 MP: 7/7
  2209 | Sewer    | Noticed Grinder
  2272 | Sewer    | HP: 1/42 [Grinder (6)]
  2278 | Sewer    | HP: 2/42 [Grinder (1)]
  2280 | Sewer    | Slain by Grinder

Illustrated notes

Levels and vault maps discovered:
D:5:      layout_loops_cross, mainiacjoe_overflow_brackets,
          nicolae_yredelemnul_ghost_church, minmay_temple_entry_waves,
          cheibrodos_sewer_entry_bend, serial_shops, nicolae_square_shop,
          uniq_edmund
Sewer:    kennysheep_sewer_church

Skill      XL: |  1  2  3  4 |
---------------+-------------+-----
Short Blades   | 2 3 4 5 |  5.3
Fighting       | |  2.7
Dodging        | |  1.8
Stealth        | |  4.5

Action                   |  1- 3 |  4- 6 || total
-------------------------+-------+-------++-------
Melee: Short sword       |   125 |    49 ||   174
       Punch             |       |     2 ||     2
Throw: Dart              |    13 |    23 ||    36
Evoke: Wand              |     1 |       ||     1
  Use: Scroll            |     1 |       ||     1
       Potion            |     3 |     5 ||     8
 Stab: Sleeping          |     2 |       ||     2
Armor: Leather armour    |    37 |     5 ||    42
Dodge: Dodged            |   111 |    19 ||   130

Table legend: (Time is in decaauts)
 A = Elapsed time spent in this place.
 B = Non-inter-level travel time spent in this place.
 C = Inter-level travel time spent in this place.
 D = Time resting spent in this place.
 E = Time spent auto-exploring this place.
 F = Levels seen in this place.
 G = Mean time per level.
                   A        B        C        D        E       F      G
               +--------+--------+--------+--------+--------+-----+--------+
         Total |   2267 |   2267 |      0 |   1264 |    343 |   2 | 1133.5 |
       Dungeon |     96 |     96 |      0 |      0 |      0 |   1 |   96.0 |
         Sewer |   2171 |   2171 |      0 |   1264 |    343 |   1 | 2171.0 |
               +--------+--------+--------+--------+--------+-----+--------+

Top non-repeatable levels by time:
   Sewer: 2171 daAuts
     D:5: 96 daAuts
